 Dungeon Crawl Stone Soup version 0.29-a0-972-g43c84944fd (webtiles) character file.

Game seed: 16429245551446377390

1288 mardmx the Covert (level 8, -18/36 HPs)
             Began as a Spriggan Enchanter on July 31, 2022.
             Was an Initiate of Dithmenos.
             Demolished by a cyclops (29 damage)
             ... on level 6 of the Dungeon.
             The game lasted 00:12:46 (6529 turns).

mardmx the Covert (Spriggan Enchanter)              Turns: 6529, Time: 00:12:55

Health: -18/36     AC: 11    Str: 16    XL:     8   Next: 30%
Magic:  9/20       EV: 17    Int: 15    God:    Dithmenos [......]
Gold:   503        SH:  0    Dex: 15    Spells: 11/22 levels left

rFire   . . .      SeeInvis +   a - +1 dagger (protect)
rCold   . . .      Faith    .   (no shield)
rNeg    + . .      Spirit   .   b - +1 robe
rPois   .          Reflect  .   h - +1 hat of Distant Shores {Will+ Slay+2 Stlth+}
rElec   .          Harm     .   (no cloak)
rCorr   .          Rampage  .   (gloves unavailable)
Will    ++...                   (boots unavailable)
Stlth   +++++.....              q - amulet of the acrobat
HPRegen 0.12/turn               k - ring of positive energy
MPRegen 0.17/turn               n - +6 ring of strength

@: under a protective aura, very quick
A: very small, no large weapons, unfitting armour, see invisible, speed 3,
strong 1
a: Renounce Religion


You were on level 6 of the Dungeon.
You worshipped Dithmenos.
Dithmenos was noncommittal.
You visited 1 branch of the dungeon, and saw 6 of its levels.

You collected 929 gold pieces.
You spent 426 gold pieces at shops.

Inventory:

Hand Weapons
 a - a +1 dagger of protection (weapon)
Armour
 b - a +1 robe (worn)
 h - the +1 hat of Distant Shores (worn) {Will+ Slay+2 Stlth+}
   (You acquired it on level 2 of the Dungeon)

   Slay:      It affects your accuracy & damage with ranged weapons and melee
   (+2).
   Will:      It increases your willpower.
   Stlth:     It makes you more stealthy.
Jewellery
 g - a ring of protection from fire
 k - a ring of positive energy (left hand)
 n - a +6 ring of strength (right hand)
 o - a ring of fire
 p - a +6 ring of intelligence
 q - an amulet of the acrobat (around neck)
 r - an amulet of magic regeneration
Wands
 l - a wand of digging (6)
 u - a wand of mindburst (3)
Scrolls
 i - 2 scrolls of identify
 j - 2 scrolls of immolation
 v - a scroll of teleportation
Potions
 c - 3 potions of invisibility
 d - 2 potions of lignification
 e - 7 potions of curing
 f - 6 potions of might
 m - a potion of flight
 s - a potion of mutation
 t - a potion of berserk rage
 z - a potion of haste


   Skills:
 - Level 1.1 Short Blades
 - Level 2.6 Dodging
 + Level 9.1 Stealth
 + Level 7.8 Spellcasting
 + Level 8.2 Hexes


You had 11 spell levels left.
You knew the following spells:

 Your Spells              Type           Power      Damage    Failure   Level
a - Ensorcelled Hibernat  Hex/Ice        36%        N/A       3%          2
b - Tukima's Dance        Hex            30%        N/A       1%          3
c - Dazzling Flash        Conj/Hex       36%        N/A       7%          3
d - Confusing Touch       Hex            30%        N/A       1%          3

Your spell library contained the following spells:

 Spells                   Type           Power      Damage    Failure   Level
 Magic Dart               Conj           20%        1d4       12%         1
 Call Imp                 Summ           5%         N/A       19%         2
 Sublimation of Blood     Necr           5%         N/A       19%         2
 Gell's Gravitas          Tloc           5%         N/A       36%         3
 Lesser Beckoning         Tloc           5%         N/A       36%         3
 Mephitic Cloud           Conj/Pois/Air  5%         N/A       36%         3
 Stone Arrow              Conj/Erth      10%        3d7       36%         3
 Teleport Other           Tloc           5%         N/A       36%         3
 Animate Armour           Summ/Erth      10%        N/A       77%         4
 Petrify                  Tmut/Erth      5%         N/A       77%         4
 Irradiate                Conj/Tmut      2%         3d12      98%         5
 Lehudib's Crystal Spear  Conj/Erth      2%         10d2      100%        8


Dungeon Overview and Level Annotations

Branches:
Dungeon (6/15)             Temple (0/1) D:6

Altars:
Dithmenos
Nemelex Xobeh
Okawaru
Vehumet

Shops:
D:1 *   D:3 :   D:6 *


Innate Abilities, Weirdness & Mutations

You are very small and have problems with some larger weapons.
You are too small for most types of armour.
You have supernaturally acute eyesight. (SInv)
You cover ground extremely quickly. (Speed+++)
Your muscles are strong. (Str +4, Int/Dex -1)


Message History

Press: ? - help, Shift-Dir - straight line, f/p - cyclops
Aim: a cyclops, quivering large rocks (lightly wounded, chance to affect: 33%)
The cyclops easily resists.
The cyclops misses you.
Unknown command.
Casting: Ensorcelled Hibernation (safe; 3% risk of failure)
Confirm with . or Enter, or press ? or * to list all spells.
Aiming: Ensorcelled Hibernation (safe; 3% risk of failure)
Press: ? - help, Shift-Dir - straight line, f/p - cyclops
Aim: a cyclops, quivering large rocks (lightly wounded, chance to affect: 33%)
The cyclops easily resists.
Unknown command.
Casting: Ensorcelled Hibernation (safe; 3% risk of failure)
Confirm with . or Enter, or press ? or * to list all spells.
Aiming: Ensorcelled Hibernation (safe; 3% risk of failure)
Press: ? - help, Shift-Dir - straight line, f/p - cyclops
Aim: a cyclops, quivering large rocks (lightly wounded, chance to affect: 33%)
The cyclops easily resists.
The cyclops barely misses you.
Unknown command.
Casting: Ensorcelled Hibernation (safe; 3% risk of failure)
Confirm with . or Enter, or press ? or * to list all spells.
Aiming: Ensorcelled Hibernation (safe; 3% risk of failure)
Press: ? - help, Shift-Dir - straight line, f/p - cyclops
Aim: a cyclops, quivering large rocks (lightly wounded, chance to affect: 33%)
The cyclops easily resists.
The cyclops hits you!!
Ouch! That really hurt!
Unknown command.
Casting: Ensorcelled Hibernation (safe; 3% risk of failure)
Confirm with . or Enter, or press ? or * to list all spells.
Aiming: Ensorcelled Hibernation (safe; 3% risk of failure)
Press: ? - help, Shift-Dir - straight line, f/p - cyclops
Aim: a cyclops, quivering large rocks (lightly wounded, chance to affect: 33%)
The cyclops looks drowsy...
Unknown command.
The helpless cyclops fails to defend itself.
You impale the cyclops!!
Your weapon exudes an aura of protection.
The cyclops is severely wounded.
The cyclops hits you!!
Ouch! That really hurt!
You die...

........##[..##......'.......# #.
##..#...#.....#......###.....###.
##.###..#.....#)....## #.........
##..#.#.#.....#....## #####..###
##.#.##.##...##...## ##...##
#......###'######## ##.....#
###.##.......##...## ##....... #
#...[...#.....# #........
#....8..'.@C..# ##.......
#.......#.....# ##.....#
#.......##...## ##...##
...###+######## ##.## ### #...#
#..#.##########.# ..# ..###
#...............# #.#
##.#.############ #.# #....# #.#
##.#:#


You could see a cyclops.

Vanquished Creatures
  Sigmund (D:3)
  2 ice beasts
  A centaur (D:4)
  A phantom (D:5)
  2 necrophages
  3 scorpions
  3 jellies
  2 hounds (D:5)
  2 iguanas (D:4)
  An orc wizard (D:3)
  Robin (D:4)
  13 adders
  A shadow imp (D:4)
  2 ufetubi (D:5)
  2 worms
  5 dart slugs
  8 orcs
  4 bats (D:1)
  7 endoplasms
  4 giant cockroaches
  12 goblins
  10 hobgoblins
  5 jackals
  2 quokkas
  8 ball pythons
  2 frilled lizards
  7 kobolds
  3 rats
114 creatures vanquished.

Vanquished Creatures (others)
  16 plants
16 creatures vanquished.

Grand Total: 130 creatures vanquished

Notes
Turn   | Place    | Note
-------+----------+-------------------------------------------
     0 | D:1      | mardmx the Spriggan Enchanter began the quest for the Orb.
     0 | D:1      | Reached XP level 1. HP: 9/9 MP: 5/5
   176 | D:1      | Found Runotoff's Assorted Antiques.
   187 | D:1      | Bought a coppery potion for 27 gold pieces
   214 | D:1      | Reached XP level 2. HP: 13/13 MP: 7/7
   288 | D:1      | Learned a level 2 spell: Ensorcelled Hibernation
   520 | D:1      | Found a faded altar of an unknown god.
   761 | D:1      | Bought a lumpy yellow potion for 27 gold pieces
  1265 | D:1      | Bought a coppery potion for 27 gold pieces
  1277 | D:2      | Identified a scroll of acquirement
  1277 | D:2      | Acquired the +1 hat of Distant Shores {Will+ Slay+2 Stlth+}
  1293 | D:2      | Reached XP level 3. HP: 16/16 MP: 9/9
  1297 | D:2      | Learned a level 3 spell: Tukima's Dance
  1301 | D:2      | Learned a level 3 spell: Confusing Touch
  1776 | D:2      | Reached XP level 4. HP: 21/21 MP: 11/11
  1820 | D:2      | Reached skill level 5 in Hexes
  2803 | D:3      | Reached XP level 5. HP: 24/24 MP: 5/13
  2869 | D:3      | Noticed Sigmund
  2879 | D:3      | Killed Sigmund
  2880 | D:3      | Reached skill level 5 in Stealth
  2880 | D:3      | Reached skill level 5 in Spellcasting
  2880 | D:3      | Reached XP level 6. HP: 12/28 MP: 5/15
  3070 | D:3      | Found Qyxidis's Book Shop.
  3755 | D:4      | Reached skill level 6 in Stealth
  3816 | D:4      | Noticed Robin
  3823 | D:4      | Killed Robin
  3942 | D:4      | Noticed an ice beast
  3950 | D:4      | Killed an ice beast
  3951 | D:4      | Reached XP level 7. HP: 32/32 MP: 13/17
  3970 | D:4      | Found a radiant altar of Vehumet.
  4190 | D:4      | Reached skill level 7 in Stealth
  4562 | D:5      | Entered Level 5 of the Dungeon
  4642 | D:4      | Gained mutation: Your muscles are strong. (Str +4, Int/Dex
                  | -1) [potion of mutation]
  4807 | D:5      | Found an iron altar of Okawaru.
  4897 | D:5      | Reached skill level 8 in Stealth
  5128 | D:5      | Reached XP level 8. HP: 35/36 MP: 16/19
  5219 | D:5      | Found a sparkling altar of Nemelex Xobeh.
  5224 | D:5      | Learned a level 3 spell: Dazzling Flash
  5286 | D:5      | Found a shadowy altar of Dithmenos.
  5297 | D:5      | Became a worshipper of Dithmenos the Shadowed
  5854 | D:6      | Found Daf Ino's Assorted Antiques.
  5864 | D:6      | Found a staircase to the Ecumenical Temple.
  5947 | D:6      | Reached skill level 9 in Stealth
  6062 | D:6      | Bought a scroll labelled ABLEHU GIKI for 29 gold pieces
  6062 | D:6      | Bought a scroll labelled EGYSHI FURGH for 29 gold pieces
  6062 | D:6      | Bought a green potion for 26 gold pieces
  6062 | D:6      | Bought a potion of curing for 87 gold pieces
  6172 | D:6      | Bought a scroll of identify for 58 gold pieces
  6172 | D:6      | Bought a scroll of immolation for 116 gold pieces
  6518 | D:6      | Noticed a cyclops
  6529 | D:6      | Demolished by a cyclops

Illustrated notes

Levels and vault maps discovered:
D:1:      minmay_arrival_diagonal_passages, layout_basic, serial_shops,
          nicolae_shop_overgrown_old_shop, ebering_ecumenical_altar_ruins,
          nicolae_concentric_dashed_squares_wild, serial_park_tiny_2,
          st_stairs_8, chequers_decorated_corner, minmay_vboxes
D:2:      layout_basic
D:3:      layout_basic, serial_shops, nicolae_shop_waterfront, uniq_sigmund
D:4:      minmay_polygon_palace, layout_basic, nicolae_vehumet_altar_sigil,
          kennysheep_generic_room_5, uniq_robin
D:5:      layout_loops_ring, mainiacjoe_overflow_six_doors_small,
          okawaru_metal_pillars_1_2, grunt_dithmenos_smoke,
          kennysheep_small_circle
D:6:      layout_loops_corners, grunt_temple_overflow_diamond,
          minmay_temple_entry_mini_moons, serial_shops,
          nicolae_inconvenience_store, serial_bayou_pond_c, minmay_three_doors

Skill      XL: |  1  2  3  4  5  6  7  8 |
---------------+-------------------------+-----
Spellcasting   | 3 4 5 6 7 |  7.8
Hexes          | 4 5 6 7 8 |  8.2
Stealth        | 5 6 8 9 |  9.1
Short Blades   | |  1.1
Dodging        | |  2.6

Action                   |  1- 3 |  4- 6 |  7- 9 || total
-------------------------+-------+-------+-------++-------
Melee: Dagger            |   102 |    94 |   127 ||   323
       Punch             |       |     2 |     2 ||     4
 Cast: Ensorcelled Hiber |     7 |    11 |    30 ||    48
       Tukima's Dance    |       |     2 |       ||     2
       Confusing Touch   |       |     2 |     5 ||     7
  Use: Scroll            |    10 |     2 |    10 ||    22
       Potion            |       |     1 |     3 ||     4
 Stab: Sleeping          |    14 |    13 |    27 ||    54
       Confused          |       |     3 |     4 ||     7
Armor: Robe              |    13 |    11 |    21 ||    45
Dodge: Dodged            |    80 |    49 |   123 ||   252

Table legend: (Time is in decaauts)
 A = Elapsed time spent in this place.
 B = Non-inter-level travel time spent in this place.
 C = Inter-level travel time spent in this place.
 D = Time resting spent in this place.
 E = Time spent auto-exploring this place.
 F = Levels seen in this place.
 G = Mean time per level.
                   A        B        C        D        E       F      G
               +--------+--------+--------+--------+--------+-----+--------+
         Total |   4887 |   4741 |    146 |    548 |   3341 |   6 |  814.5 |
       Dungeon |   4887 |   4741 |    146 |    548 |   3341 |   6 |  814.5 |
               +--------+--------+--------+--------+--------+-----+--------+

Top non-repeatable levels by time:
     D:3: 1046 daAuts
     D:1: 955 daAuts
     D:5: 857 daAuts
     D:2: 782 daAuts
     D:4: 748 daAuts
     D:6: 496 daAuts
